 Dungeon Crawl Stone Soup version 0.30-b1-2-g02819fbbbe (webtiles) character file.

Game seed: 5731369603170741165

5 prikolics the Grasshopper (level 1, -1/19 HPs)
             Began as a Naga Warper on Aug 8, 2023.
             Blown up by Ijyb (18 damage)
             ... with a mindburst bolt
             ... on level 3 of the Dungeon.
             The game lasted 00:01:19 (397 turns).

prikolics the Grasshopper (Naga Warper)              Turns: 397, Time: 00:01:20

Health: -1/19      AC:  1    Str: 13    XL:     1   Next: 80%
Magic:  3/3        EV:  9    Int: 13    God:
Gold:   26         SH:  0    Dex: 10    Spells: 4/4 levels left

rFire   . . .        a - +0 spear
rCold   . . .        (no shield)
rNeg    . . .        b - +0 leather armour
rPois   +            (no helmet)
rElec   .            (no cloak)
rCorr   .            (no gloves)
SInv    +            (no barding)
Will    .....        (no amulet)
Stlth   +            (no ring)
HPRegen 0.23/turn    (no ring)
MPRegen 0.08/turn

%: no passive effects
@: very slow
A: AC +0, large, see invisible, deformed body, poison resistance, slowness 2,
spit poison 1, naga tail 1
a: Spit Poison


You were on level 3 of the Dungeon.
You visited 1 branch of the dungeon, and saw 3 of its levels.

You collected 26 gold pieces.

Inventory:

Hand Weapons
 a - a +0 spear (weapon)
Missiles
 d - 7 boomerangs of dispersal (quivered)
Armour
 b - a +0 leather armour (worn)
Scrolls
 c - a scroll of blinking
 e - a scroll of teleportation {unknown}
 g - a scroll of enchant armour {unknown}
Potions
 f - 2 potions of ambrosia {unknown}
 h - a potion of mutation {unknown}
 i - a potion of flight {unknown}


   Skills:
 + Level 2.0 Fighting
 + Level 2.1 Polearms
 + Level 0.8 Throwing
 + Level 0.7 Armour
 + Level 1.5 Dodging
 + Level 2.1 Spellcasting
 + Level 3.1 Translocations


You had 4 spell levels left.
You didn't know any spells.
Your spell library contained the following spells:

 Spells                   Type           Power      Damage    Failure   Level
 Blink                    Tloc           18%        N/A       13%         2
 Lesser Beckoning         Tloc           18%        N/A       13%         2
 Teleport Other           Tloc           9%         N/A       26%         3
 Vhi's Electric Charge    Tloc/Air       10%        N/A       45%         3
 Manifold Assault         Tloc           9%         N/A       65%         4


Dungeon Overview and Level Annotations

Branches:
Dungeon (3/15)

Altars:
Wu Jian

Annotations:
D:3 Ijyb


Innate Abilities, Weirdness & Mutations

Your serpentine skin is tough. (AC +0)
You have supernaturally acute eyesight. (SInv)
Armour fits poorly on your strangely shaped body.
Your system is resistant to poisons. (rPois)
You cover ground very slowly.
You can spit poison.
You have a snake-like lower body.


Message History

Found a stone staircase leading down.
g - a scroll labelled TEREUX MUUXTU
There is a stone staircase leading down here.
You climb downwards.
Found a stone staircase leading up.
There is a stone staircase leading up here.
h - a viscous grey potion
Found a chain mail.
f - 2 bubbling emerald potions (gained 1)
You now have 26 gold pieces (gained 6).
i - a fuming yellow potion
Found 5 stones.
Ijyb the Twisted Goblin comes into view.
She is wielding a +0 dagger and carrying a wand of mindburst (12).
Ijyb shouts!
Ijyb screams, "Me stronger than you!"
Aiming: Spit Poison (3% risk of failure)
Press: ? - help, Shift-Dir - straight line, f - Ijyb
Aim: Ijyb, wielding a +0 dagger, wearing a +0 leather armour and carrying a wand of mindburst (12) (43% to hit)
The splash of poison hits Ijyb.
Ijyb is poisoned.
Ijyb is moderately wounded.
Throw: 7 boomerangs (disperse)
Press: ? - help, Q - select action, (/) - cycle Shift-Dir - straight line, f/p - Ijyb
Aim: Ijyb, wielding a +0 dagger, wearing a +0 leather armour and carrying a wand of mindburst (12) (moderately wounded, poisoned, 47% to hit)
Okay, then.
Okay, then.
You aren't carrying any items that you can evoke.
Reach: a) +0 spear
Press: ? - help, Dir - move target, f/p - Ijyb
Aim: Ijyb, wielding a +0 dagger, wearing a +0 leather armour and carrying a wand of mindburst (12) (moderately wounded, poisoned, about 47% to evade your +0 spear)
You reach to attack!
You barely miss Ijyb.
Ijyb is moderately wounded.
You hit Ijyb.
Ijyb is moderately wounded.
Ijyb hits you with a +0 dagger.
You hit Ijyb.
Ijyb is moderately wounded.
You have got your breath back.
Ijyb zaps a wand.
Your mind is blasted!
Ouch! That really hurt!
You die...

.........##....
.........#.....
.........#......
...............
..............
.............
.......(g#.. #@##.#
# #.##.## ..####
#.....## ####.....
####...###........
#.......#######
...................
................##.
.......##....#......
.......##...........


You could see Ijyb (poisoned).

Vanquished Creatures
  An endoplasm (D:2)
  A goblin (D:2)
  A kobold (D:2)
  2 rats (D:2)
5 creatures vanquished.

Notes
Turn   | Place    | Note
-------+----------+-------------------------------------------
     0 | D:1      | prikolics the Naga Warper began the quest for the Orb.
     0 | D:1      | Reached XP level 1. HP: 19/19 MP: 3/3
   323 | D:2      | Found an ornate altar of the Wu Jian Council.
   392 | D:3      | Noticed Ijyb
   397 | D:3      | Blown up by Ijyb

Illustrated notes

Levels and vault maps discovered:
D:1:      dpeg_arrival_water_fire, layout_basic,
          shapermc_ecumenical_altar_mp_vishouse, kennysheep_pointless_box,
          nicolae_titane
D:2:      layout_rooms, basic_altar
D:3:      layout_rooms, grunt_temple_overflow_open, uniq_ijyb

Action                     || total
---------------------------++-------
  Melee: Spear             ||    13
Ability: Spit Poison       ||     3
  Dodge: Dodged            ||     5
